 Dungeon Crawl Stone Soup version 0.15.2 (webtiles) character file.

32 RottenBandages the Insei (level 3, -1/29 HPs)
             Began as a Mummy Monk on Nov 1, 2015.
             Slain by a quokka (4 damage)
             ... on Level 1 of the Dungeon.
             The game lasted 00:02:25 (1656 turns).

RottenBandages the Insei (Mummy Monk)               Turns: 1656, Time: 00:02:25

HP  -1/29        AC  5     Str 14      XL: 3   Next: 10%
MP   3/3         EV  9     Int  9      God:
Gold 95          SH  0     Dex 15      Spells:  0 memorised,  2 levels left

rFire  x . .     SeeInvis .       - Unarmed
rCold  + . .     Clarity  .     c - +0 ring mail
rNeg   + + +     rCorr    .     (no shield)
rPois  +         rRot     +     (no helmet)
rElec  .         Spirit   .     (no cloak)
SustAb .         Warding  .     (no gloves)
rMut   .         Stasis   .     (no boots)
Gourm  .                        (no amulet)
MR     .....                    (no ring)
                                (no ring)

@: not resistant to hostile enchantments, very unstealthy
A: no food or potions, fire vulnerability, restore body, cold resistance 1,
negative energy resistance 3, poison resistance, torment resistance, unbreathing
a: no special abilities


You were on level 1 of the Dungeon.
You were not hungry.

You visited 1 branch of the dungeon, and saw 2 of its levels.

You collected 95 gold pieces.


Innate Abilities, Weirdness & Mutations

You do not eat or drink.
Your flesh is vulnerable to fire.
Your flesh is cold resistant.
You are immune to negative energy.
Your system is resistant to poisons.
You are immune to unholy pain and torment.
You can survive without breathing.


   Skills:
 - Level 3.0 Fighting
 - Level 2.4 Dodging
 - Level 1.5 Stealth
 + Level 4.1 Unarmed Combat


You had 2 spell levels left.
You didn't know any spells.

Inventory:

Missiles
 e - 5 javelins (quivered)
Armour
 a - a +0 robe
 c - a +0 ring mail (worn)
Scrolls
 b - a scroll of identify {unknown}
 d - a scroll of remove curse {unknown}

Dungeon Overview and Level Annotations

Branches:
Dungeon (2/15)

Altars:
Makhleb

Annotations:
D:1 Terence

%....###...........# #.###.##.###
>.....#######(....## #.##........
##...## ##...## #.##..##.###
##.## ##.## #.##..##.# #.# #.#
#.##..##.# #.# ##.#### #........#
##'## #...>.# #######.## ##...##
#.@##.# #.# #.....## ##..Mr.#
######.# .......## ##..###.#
#......# # ........####..!#
#.####.##...####
%.......'......###r.............'
.>......####........###.##...####
.......## ##.......# #.##...# #
#.....## #.......# #.##.#.#
##...## #.......# #.##.#.# ##'##
#.)###..# #.##.#.#


You could see Terence and a quokka.


Message History

You closely miss Terence.
Terence is severely wounded.
Terence barely misses you.
You barely miss Terence.
Terence is severely wounded.
Terence hits you with a hand axe.
* * * LOW HITPOINT WARNING * * *
You barely miss Terence.
Terence is severely wounded.
You closely miss Terence.
Terence is severely wounded.
Terence hits you with a hand axe.
* * * LOW HITPOINT WARNING * * *
You hit Terence.
Terence is severely wounded.
Terence hits you but does no damage.
There is a stone staircase leading down here.
A quokka comes into view.
There is a stone staircase leading down here.
There is a stone staircase leading down here.
A hobgoblin comes into view. It is wielding a club.
The hobgoblin moves out of view.
The quokka barely misses you.
You closely miss the quokka. Terence hits you with a hand axe.
* * * LOW HITPOINT WARNING * * *
The quokka closely misses you.
You closely miss Terence.
Terence is severely wounded.
The quokka bites you.
You die...

Action                   || total
-------------------------++-------
Melee: Unarmed           ||   140

Vault maps used:
D:1:      erik_arrival_blinker_ship
D:2:      kennysheep_big_flooded_room, makhleb_altar_promises_db, uniq_jessica,
          uniq_terence

Notes
Turn   | Place    | Note
--------------------------------------------------------------
     0 | D:1      | RottenBandages, the Mummy Monk, began the quest for the Orb.
     0 | D:1      | Reached XP level 1. HP: 18/18 MP: 1/1
   255 | D:1      | Reached XP level 2. HP: 14/24 MP: 2/2
  1082 | D:1      | Reached skill level 4 in Unarmed Combat
  1374 | D:2      | Reached XP level 3. HP: 16/29 MP: 3/3
  1504 | D:2      | Found a burning altar of Makhleb.
  1556 | D:2      | Noticed Terence
  1632 | D:1      | HP: 2/29 [Terence/hand axe (2)]
  1656 | D:1      | Slain by a quokka

Vanquished Creatures
  4 bats (D:1)
  6 hobgoblins
  2 jackals (D:1)
  6 kobolds
  4 giant newts
  6 goblins
  4 rats (D:1)
32 creatures vanquished.
